Map: Dusk Towers

Players

Jerit - Winner!

  • Race: Zerg Zerg

VOD

Have the link to the VOD?

Description

Time

  • Played on: Nov. 17, 2015, 1:12 a.m.
  • Length: 5:19
Show
View Real Time Build Order
Export as new Build Order

Jerit Zerg - Winner!

Build Orders: Hatch First 

Get SALT Encoding   

  12  0:03  Drone  
  12  0:13  Overlord  
  12  0:18  Drone  
  12  0:31  Drone x2  
  12  0:36  Drone  
  12  0:55  Drone  
  12  0:57  Hatchery  
  12  0:59  Drone  
  12  1:11  Extractor  
  12  1:17  Spawning Pool  
  12  1:19  Drone  
  12  1:21  Drone  
  12  1:29  Drone  
  12  1:40  Overlord  
  12  2:06  Queen  
  12  2:10  Zergling x2  
  12  2:11  Zergling x4  
  12  2:12  Queen  
  12  2:15  Drone  
  12  2:23  Drone  
  12  2:31  Drone  
  12  2:32  Drone  
  12  2:36  Metabolic Boost  
  12  2:39  Drone  
  12  2:43  Roach Warren  
  12  2:48  Drone  
  12  2:49  Drone  
  12  2:52  Drone  
  12  2:56  Drone  
  12  3:02  Overlord  
  12  3:07  Overlord  
  12  3:14  Overlord  
  12  3:18  Overlord  
  12  3:25  Roach  
  12  3:26  Roach x4  
  12  3:29  Roach  
  12  3:34  Roach  
  12  3:38  Roach  
  12  3:45  Roach  
  12  3:56  Roach x2  
  12  4:02  Roach  
  12  4:05  Overlord  
  12  4:07  Zergling x8  
  12  4:14  Overlord  
  12  4:21  Roach  
  12  4:29  Zergling x2  
  12  4:30  Zergling x10  
  12  4:37  Drone  
  12  4:44  Zergling x2  
  12  4:58  Zergling x2  
  12  4:59  Zergling x10  
Tags
 
Add a new tag
Caveats
  • Supply blocks, unpowered buildings, or Contaminate may cause inaccurate times.
  • Supply counts are checked every 10 seconds.